 Dungeon Crawl Stone Soup version 0.26-a0-651-gb41185065b (webtiles) character file.

Game seed: 10323168732047887707

18 Azzok the Insei (level 2, 0/21 HPs)
             Began as a Demonspawn Transmuter on Oct 29, 2020.
             Slain by a hobgoblin (3 damage)
             ... on level 1 of the Dungeon.
             The game lasted 00:00:45 (938 turns).

Azzok the Insei (Demonspawn Transmuter)              Turns: 938, Time: 00:00:45

Health: 0/21       AC:  2    Str: 10    XL:     2   Next: 51%
Magic:  5/5        EV: 12    Int: 16    God:
Gold:   20         SH:  0    Dex: 13    Spells: 4/5 levels left

rFire    . . .     SeeInvis .   b - -3 whip (curse)
rCold    . . .     Faith    .   (no shield)
rNeg     . . .     Spirit   .   a - +0 robe
rPois    .         Reflect  .   (no helmet)
rElec    .         Harm     .   (no cloak)
rCorr    .         Rampage  .   (no gloves)
MR       .....                  (no boots)
Stlth    +.........             (no amulet)
HPRegen  0.07/turn              (no ring)
MPRegen  0.09/turn              (no ring)

@: no status effects
A: big brain 1
a: no special abilities


You were on level 1 of the Dungeon.
You visited 1 branch of the dungeon, and saw 1 of its levels.

You collected 20 gold pieces.

Inventory:

Hand Weapons
 b - a cursed -3 whip (weapon)
Armour
 a - a +0 robe (worn)
Potions
 c - a potion of flight {unknown}


   Skills:
 - Level 1.0 Fighting
 - Level 1.7 Dodging
 + Level 3.1 Unarmed Combat
 - Level 2.0 Spellcasting
 + Level 2.3 Transmutations


You had 4 spell levels left.
You knew the following spells:

 Your Spells              Type           Power        Failure   Level
a - Beastly Appendage     Tmut           #.....       8%          1

Your spell library contained the following spells:

 Spells                   Type           Power        Failure   Level
 Wereblood                Tmut           #.......     12%         2
 Spider Form              Tmut/Pois      #.........   36%         3
 Ice Form                 Ice/Tmut       #.......     77%         4
 Blade Hands              Tmut           #.........   91%         5


Dungeon Overview and Level Annotations

Branches:
Dungeon (1/15)

Altars:


Innate Abilities, Weirdness & Mutations

You have an unusually large brain. (Int +2)


Message History

You hit the kobold but do no damage.
The kobold is heavily wounded.
A leopard gecko comes into view.
The kobold closely misses you.
The leopard gecko moves out of view.
You closely miss the kobold. You headbutt the kobold.
You kill the kobold!
You closely miss the hobgoblin. The hobgoblin hits you.
* * * LOW HITPOINT WARNING * * *
The hobgoblin misses you.
You closely miss the hobgoblin. The hobgoblin hits you.
* * * LOW HITPOINT WARNING * * *
You closely miss the hobgoblin.
Your horns disappear.
Your talons disappear.
The hobgoblin barely misses you.
You closely miss the hobgoblin. The hobgoblin closely misses you.
You hit the hobgoblin.
The hobgoblin is severely wounded.
The giant cockroach waves its antennae.
The hobgoblin hits you.
You die...

▒··········▒▒▒··▒ ▒· ········
▒··········▒▒··$▒ ▒▒▒▒▒····
▒··········▒▒··▒▒▒▒▒▒▒▒▒·····▒·▒
▒▒········▒▒··▒··········(····((
▒▒·····†·▒▒··▒·▒▒▒▒··········▒▒
▒▒▒▒▒▒·▒···▒▒·▒ ····>·····▒
▒·▒··▒▒▒†▒▒▒▒▒········▒▒
▒·▒·········▒▒········▒ ▒
▒·▒·▒▒▒▒@▒▒▒▒▒········▒▒▒ ▒·▒·▒
▒g▒ ▒········▒▒· ▒·▒·▒ ▒g▒
▒······▒▒▒· ····· ·s▒
▒······▒▒▒· ··· ·?▒ ▒·······▒▒·
···▒ ▒▒······▒▒▒ ···▒ ▒·······▒▒
····▒ ▒▒······▒▒ ▒······(▒


You could see a giant cockroach and 2 hobgoblins.

Vanquished Creatures
  2 dart slugs (D:1)
  4 giant cockroaches (D:1)
  3 kobolds (D:1)
  3 bats (D:1)
  A goblin (D:1)
13 creatures vanquished.

Notes
Turn   | Place    | Note
-------+----------+-------------------------------------------
     0 | D:1      | Azzok the Demonspawn Transmuter began the quest for the
                  | Orb.
     0 | D:1      | Reached XP level 1. HP: 15/15 MP: 3/3
   492 | D:1      | Reached skill level 3 in Unarmed Combat
   492 | D:1      | Gained mutation: You have an unusually large brain. (Int
                  | +2) [demonic ancestry]
   492 | D:1      | Reached XP level 2. HP: 16/21 MP: 3/5
   938 | D:1      | Slain by a hobgoblin

Illustrated notes

Levels and vault maps discovered:
D:1:      dpeg_arrival_snail, layout_rooms

Skill      XL: |  1 |
---------------+----+-----
Transmutations | 2 |  2.3
Unarmed Combat | 3 |  3.1
Fighting       | |  1.0
Dodging        | |  1.7
Spellcasting   | |  2.0

Action                   || total
-------------------------++-------
Melee: Unarmed           ||    17
       Whip              ||    66
       Headbutt          ||     5
       Kick              ||     3
 Cast: Beastly Appendage ||     4
 Stab: Sleeping          ||     1
Armor: Robe              ||    12
Dodge: Dodged            ||    60

Table legend: (Time is in decaauts)
 A = Elapsed time spent in this place.
 B = Non-inter-level travel time spent in this place.
 C = Inter-level travel time spent in this place.
 D = Time resting spent in this place.
 E = Time spent auto-exploring this place.
 F = Levels seen in this place.
 G = Mean time per level.
                   A        B        C        D        E       F      G
               +--------+--------+--------+--------+--------+-----+--------+
         Total |    943 |    943 |      0 |    688 |     91 |   1 |  943.0 |
       Dungeon |    943 |    943 |      0 |    688 |     91 |   1 |  943.0 |
               +--------+--------+--------+--------+--------+-----+--------+

Top non-repeatable levels by time:
     D:1: 943 daAuts
